 Dungeon Crawl Stone Soup version 0.21.0-3-g78d12a8 (webtiles) character file.

6485 MTVSty1e the Severer (level 10, -7/88 HPs)
             Began as a Minotaur Gladiator on Jan 15, 2018.
             Mangled by a troll (11 damage)
             ... on level 10 of the Dungeon.
             The game lasted 00:15:40 (6844 turns).

MTVSty1e the Severer (Minotaur Gladiator)           Turns: 6844, Time: 00:15:41

Health: -7/88      AC:  8    Str: 23    XL:     10   Next: 68%
Magic:  9/9        EV: 10    Int:  5    God:
Gold:   569        SH: 10    Dex: 11    Spells: 9/9 levels left

rFire    + . .     SeeInvis +   a - +1 war axe
rCold    . . .     Gourm    .   G - +0 shield {rPois}
rNeg     . . .     Faith    .   B - +0 acid dragon scales
rPois    +         Spirit   .   c - +0 hat
rElec    .         Reflect  .   (no cloak)
rCorr    +         Harm     .   (no gloves)
MR       .....                  x - +0 pair of boots
Stlth    +.........             j - amulet of regeneration
HPRegen  0.64/turn              q - ring of see invisible
MPRegen  0.11/turn              L - ring of protection from fire

@: no status effects
A: retaliatory headbutt, horns 2
a: no special abilities


You were on level 10 of the Dungeon.
You were not hungry.

You visited 2 branches of the dungeon, and saw 11 of its levels.
You also visited: Sewer.

You collected 569 gold pieces.

Inventory:

Hand Weapons
 a - a +1 war axe (weapon)
 F - the +10 great sword "Ukhec" {slice, Str+3}
   (You found it on level 6 of the Dungeon)

   It inflicts extra damage upon your enemies.
   It affects your strength (+3).
Missiles
 d - 3 throwing nets (quivered)
Armour
 c - a +0 hat (worn)
 m - a +3 chain mail of fire resistance
 x - a +0 pair of boots (worn)
 B - +0 acid dragon scales (worn)
 G - a +0 shield of poison resistance (worn)
Jewellery
 j - an amulet of regeneration (around neck)
 p - an uncursed ring of ice
 q - a ring of see invisible (left hand)
 r - an uncursed ring of stealth
 u - a +3 ring of evasion
 L - a ring of protection from fire (right hand)
Wands
 s - a wand of digging (16)
 v - a wand of flame (7)
 C - a wand of random effects (65)
Scrolls
 e - 2 scrolls of fog
 i - a scroll of teleportation
 k - a scroll of enchant weapon
 y - 5 scrolls of remove curse
 E - a scroll of fear
 J - a scroll of magic mapping
Potions
 b - a potion of berserk rage
 g - a potion of mutation {unknown}
 h - 3 potions of flight
 l - 2 potions of agility
 o - 3 potions of lignification
 t - a potion of invisibility
 z - 5 potions of haste
 A - 6 potions of curing
 K - a potion of ambrosia
 M - a potion of cancellation {unknown}
Books
 n - a book of Minor Magic

   Spells                             Type                      Level
   a - Magic Dart                     Conjuration                  1
   b - Blink                          Translocation                2
   c - Call Imp                       Summoning                    2
   d - Slow                           Hexes                        2
   e - Conjure Flame                  Conjuration/Fire             3
   f - Mephitic Cloud                 Conjuration/Poison/Air       3
 w - a book of Geomancy

   Spells                             Type                      Level
   a - Sandblast                      Earth                        1
   b - Passwall                       Transmutation/Earth          2
   c - Stone Arrow                    Conjuration/Earth            3
   d - Petrify                        Transmutation/Earth          4
   e - Lee's Rapid Deconstruction     Earth                        5
Comestibles
 f - 11 rations
 D - 2 chunks of flesh


   Skills:
 * Level 7.6 Fighting
 + Level 15.9 Axes
 - Level 2.0 Throwing
 + Level 4.8 Armour
 - Level 3.2 Dodging
 + Level 4.8 Shields


You had 9 spell levels left.
You didn't know any spells.

Dungeon Overview and Level Annotations

Branches:
Dungeon (10/15)            Temple (1/1) D:6
   Lair: D:8-11         Orc: D:9-12

Altars:
Ashenzari
Cheibriados
Dithmenos
Elyvilon
Fedhas
Gozag
Hepliaklqana
Kikubaaqudgha
Makhleb
Nemelex Xobeh
Okawaru
Qazlal
Ru
Sif Muna
Trog
Uskayaw
Vehumet
Wu Jian
Xom
Yredelemnul
Zin
The Shining One

Shops:
D:9 (


Innate Abilities, Weirdness & Mutations

You reflexively headbutt those who attack you in melee.
You have a pair of horns on your head.


Message History

A troll is nearby!
You are too injured to fight recklessly!
You are too injured to fight recklessly!
You start resting.
You feel yourself speed up.
The troll shouts!
A troll is nearby!
The troll bites you but does no damage. You block the troll's attack.
The troll claws you.
* * * LOW HITPOINT WARNING * * *
You hit the troll but do no damage. The troll bites you!
* * * LOW HITPOINT WARNING * * *
The troll claws you!
* * * LOW HITPOINT WARNING * * *
The troll claws you.
* * * LOW HITPOINT WARNING * * *
You hit the troll.
The troll is lightly wounded.
The troll closely misses you. The troll claws you!
You die...

#.# #
#.#
#.#
#.#
...
#.#
#.#
#.#
#@#
###T#
#...#
#.###
#...#
#.#.#
.. .T
.##
##.
#. .#


You could see a troll.

Vanquished Creatures
  An unseen horror (D:10)
  Psyche (D:9)
  A troll (D:9)
  Grinder (D:3)
  2 hippogriffs
  2 hungry ghosts
  An acid dragon (D:10)
  A water moccasin (D:6)
  Purgy (Sewer)
  A hornet zombie (D:7)
  3 phantoms
  6 sky beasts
  3 ice beasts
  5 ogres
  4 centaurs
  2 big kobolds
  2 bullfrogs
  2 scorpions
  8 killer bees
  8 wights
  2 howler monkeys
  2 centaur zombies
  2 crimson imps
  3 bullfrog skeletons
  3 orc priests
  2 centaur skeletons
  6 hounds
  4 orc wizards
  4 iguanas
  3 worker ants
  Natasha (thrice) (D:3)
  2 hound skeletons
  A howler monkey skeleton (D:8)
  Robin (D:3)
  11 gnolls
  8 adders
  2 oozes
  An adder zombie (D:5)
  2 adder skeletons
  2 worms
  2 dart slugs (D:2)
  8 leopard geckos
  18 orcs
  13 bats
  9 giant cockroaches
  16 goblins
  7 hobgoblins
  2 quokkas
  3 ball pythons
  6 frilled lizards
  16 kobolds
  6 rats
225 creatures vanquished.

Notes
Turn   | Place    | Note
-------+----------+-------------------------------------------
     0 | D:1      | MTVSty1e the Minotaur Gladiator began the quest for the Orb.
     0 | D:1      | Reached XP level 1. HP: 18/18 MP: 0/0
    58 | D:1      | Reached skill level 4 in Axes
    97 | D:1      | Reached XP level 2. HP: 22/25 MP: 1/1
   286 | D:1      | Reached skill level 5 in Axes
   477 | D:1      | Reached XP level 3. HP: 30/30 MP: 2/2
  1099 | D:2      | Reached skill level 6 in Axes
  1099 | D:2      | Reached XP level 4. HP: 36/37 MP: 3/3
  1554 | D:3      | Found a bloodstained altar of Trog.
  1560 | D:3      | Noticed Natasha
  1562 | D:3      | Found a shattered altar of Ashenzari.
  1568 | D:3      | Killed Natasha
  1609 | D:3      | Noticed Grinder
  1612 | D:3      | Paralysed by Grinder for 7 turns
  1625 | D:3      | Killed Grinder
  1625 | D:3      | Reached skill level 8 in Axes
  1625 | D:3      | Reached XP level 5. HP: 12/42 MP: 4/4
  1625 | D:3      | Reached XP level 6. HP: 14/50 MP: 5/5
  1751 | D:3      | Noticed Natasha
  1762 | D:3      | Killed Natasha
  1861 | D:3      | Noticed Robin
  1881 | D:3      | Killed Robin
  1941 | D:3      | Noticed Natasha
  1948 | D:3      | Killed Natasha
  1948 | D:3      | Reached skill level 9 in Axes
  2013 | D:4      | Found a glowing golden altar of the Shining One.
  2077 | D:4      | Noticed a sky beast
  2093 | D:4      | Killed a sky beast
  2093 | D:4      | Reached XP level 7. HP: 56/56 MP: 6/6
  2189 | D:4      | Found a blossoming altar of Fedhas.
  2300 | D:4      | Reached skill level 10 in Axes
  2456 | D:5      | Entered Level 5 of the Dungeon
  2530 | D:5      | Found a stormy altar of Qazlal.
  2532 | D:5      | Noticed an air elemental
  2533 | D:5      | Noticed a water elemental
  2533 | D:5      | Noticed a fire elemental
  2566 | D:5      | Reached skill level 11 in Axes
  2571 | D:5      | Reached XP level 8. HP: 34/62 MP: 7/7
  2746 | D:5      | Found a snail-covered altar of Cheibriados.
  2790 | D:5      | Found a glowing drain.
  2794 | Sewer    | Entered a sewer
  2814 | Sewer    | Noticed Purgy
  2832 | Sewer    | Killed Purgy
  2832 | Sewer    | Reached skill level 12 in Axes
  3597 | D:6      | Found an ancient bone altar of Kikubaaqudgha.
  3640 | D:6      | Reached skill level 13 in Axes
  3721 | D:6      | Found a staircase to the Ecumenical Temple.
  3894 | D:6      | Reached XP level 9. HP: 66/68 MP: 8/8
  3925 | D:6      | Reached skill level 14 in Axes
  3999 | D:6      | Got a translucent great sword
  4045 | Temple   | Entered the Ecumenical Temple
  4679 | D:7      | Reached skill level 15 in Axes
  4947 | D:7      | Reached skill level 1 in Armour
  4947 | D:7      | Reached skill level 1 in Shields
  5621 | D:8      | Found a burning altar of Makhleb.
  5887 | D:8      | Reached XP level 10. HP: 80/80 MP: 9/9
  5910 | D:8      | Reached skill level 5 in Fighting
  5978 | D:9      | Identified the +10 great sword "Ukhec" {slice, Str+3} (You found it on level 6 of the Dungeon)
  5995 | D:9      | Noticed Psyche
  6004 | D:9      | HP: 1/81 [Psyche/dagger of distortion (6)]
  6311 | D:9      | Killed Psyche
  6441 | D:9      | Found Umiplig's Antique Weapon Shop.
  6657 | D:10     | Entered Level 10 of the Dungeon
  6686 | D:10     | Noticed an unseen horror
  6690 | D:10     | Killed an unseen horror
  6843 | D:10     | HP: 4/88 [troll (5)]
  6844 | D:10     | Mangled by a troll

Skill      XL: |  1  2  3  4  5  6  7  8  9 10 |
---------------+-------------------------------+-----
Axes           | 4 5 6 8 9 11 13 15 | 15.9
Fighting       | 4 7 |  7.6
Armour         | 2 4 |  4.8
Shields        | 2 4 |  4.8
Throwing       | |  2.0
Dodging        | |  3.2

Action                   |  1- 3 |  4- 6 |  7- 9 | 10-12 || total
-------------------------+-------+-------+-------+-------++-------
Melee: War axe           |    83 |   106 |   351 |   152 ||   692
       Headbutt          |     8 |    16 |    66 |    29 ||   119
  Use: Scroll            |       |     3 |    14 |     8 ||    25
       Potion            |       |       |     1 |     3 ||     4
  Eat: Chunk             |       |     3 |     5 |     1 ||     9
       Ration            |       |       |     3 |     1 ||     4
Armor: Leather armour    |    24 |     2 |       |       ||    26
       Chain mail        |       |    61 |   174 |    51 ||   286
       Acid dragon scale |       |       |       |     6 ||     6
Dodge: Dodged            |    48 |    49 |   144 |    59 ||   300
Block: Shield            |       |       |    83 |    74 ||   157
